 Dungeon Crawl Stone Soup version 0.19.1-1-g22dce08 (webtiles) character file.

253 MovingMist the Skirmisher (level 5, -3/47 HPs)
             Began as a Draconian Abyssal Knight on Jan 18, 2017.
             Was a Priest of Lugonu.
             Slain by a worm (6 damage)
             ... on level 3 of the Dungeon.
             The game lasted 00:08:24 (2923 turns).

MovingMist the Skirmisher (DrAK)                    Turns: 2923, Time: 00:08:25

Health: -3/47      AC:  6    Str: 13 (14) XL:     5   Next: 90%
Magic:  8/8        EV: 10    Int:  9 (12) God:    Lugonu [***...]
Gold:   157        SH:  6    Dex: 11 (12) Spells: 0 memorised, 4 levels left

rFire  + . .     SeeInvis .     k - +2 mace (holy)
rCold  x . .     Gourm    .     (armour unavailable)
rNeg   . . .     Faith    .     i - +0 shield
rPois  .         Spirit   .     (helmet restricted)
rElec  .         Reflect  .     e - +0 cloak
rCorr  .         Harm     .     (no gloves)
MR     .....                    (no boots)
Stlth  +.........               (no amulet)
                                w - ring of fire
                                m - ring of flight

@: flying
A: unfitting armour, cold-blooded, AC +5
a: Depart the Abyss, Bend Space, Banish, Renounce Religion


You were on level 3 of the Dungeon.
You worshipped Lugonu.
Lugonu was most pleased with you.
You were not hungry.

You visited 1 branch of the dungeon, and saw 3 of its levels.
You visited the Abyss 1 time.

You collected 157 gold pieces.

Inventory:

Hand Weapons
 a - a +1 mace
 k - a +2 mace of holy wrath (weapon)
Armour
 e - a +0 cloak (worn)
 i - a +0 shield (worn)
Jewellery
 m - a ring of flight (left hand)
 w - a ring of fire (right hand)
 y - a cursed amulet of inaccuracy {unknown}
Wands
 p - a wand of paralysis (11/24)
Scrolls
 g - 4 scrolls of remove curse {unknown}
 h - a scroll of immolation {unknown}
 n - a scroll of recharging {unknown}
 o - a scroll of identify {unknown}
 r - a scroll of teleportation {unknown}
 s - 2 scrolls of blinking {unknown}
 u - a scroll of amnesia {unknown}
 v - a scroll of enchant armour {unknown}
 z - a scroll of enchant weapon {unknown}
 A - a scroll of magic mapping {unknown}
Potions
 x - a potion of curing {unknown}
Comestibles
 b - 4 bread rations
 c - 4 meat rations
 f - a beef jerky
 j - 3 chunks of flesh
 q - 4 fruits
 t - a slice of pizza


   Skills:
 + Level 4.6 Fighting
 - Level 3.0 Maces & Flails
 + Level 3.1 Dodging
 * Level 4.5 Invocations


You had 4 spell levels left.
You didn't know any spells.

Dungeon Overview and Level Annotations

Branches:
Dungeon (3/15)

Altars:
Ashenzari
Dithmenos
Okawaru
Ru
Sif Muna
Trog
Xom


Innate Abilities, Weirdness & Mutations

Your plain brown scales are hard. (AC +5)
You cannot fit into any form of body armour.
You are cold-blooded and may be slowed by cold attacks.


Message History

The adder barely misses you.
You hit the adder.
The adder is severely wounded.
The adder bites you but does no damage. The adder completely misses you.
You miss the adder.
The adder is severely wounded.
The adder bites you but does no damage. The adder bites you.
* * * LOW HITPOINT WARNING * * *
It was a potion of degeneration.
There was something very wrong with that liquid.
You feel weakened.
You feel dopey.
You feel clumsy. The adder closely misses you.
The orc wizard mumbles some strange words.
Okay, then.
It was a potion of flight.
You feel very buoyant.
You fly up into the air.
The adder bites you.
* * * LOW HITPOINT WARNING * * *
The worm bites you.
You die...

.≈≈≈≈♣..#.#.....................#
.≈♣≈≈♣.P.......#................#
≈≈≈≈≈♣....#....#.......##########
≈≈≈♣.P..♣##....#.................
≈♣≈...P(.......#.....############
♣≈P...#..............# #......#
.P..P................#####......#
######.....§..#.................#
..####........##@###............#
..##...........Sw..#............#
..##............o..+............+
...................#............#
........#....####...............#
.....####....# #........#...####
..)........### #........#.......
...........######........#.......
...........#.............#.......


You could see a worm, an orc wizard and an adder.

Vanquished Creatures
  A hound (D:3)
  2 orc wizards (D:3)
  Ijyb (D:2)
  5 adders
  6 worms
  2 dart slugs
  2 leopard geckos (D:1)
  2 orcs (D:3)
  8 giant cockroaches
  5 goblins
  11 hobgoblins
  4 jackals (D:2)
  A ball python (D:3)
  8 bats
  5 frilled lizards
  5 kobolds
  11 rats
79 creatures vanquished.

Notes
Turn   | Place    | Note
-------+----------+-------------------------------------------
     0 | Abyss:1  | MovingMist the Draconian Abyssal Knight began the quest for the Orb.
     0 | Abyss:1  | Reached XP level 1. HP: 19/19 MP: 2/2
    10 | D:1      | Escaped the Abyss
   206 | D:1      | Reached XP level 2. HP: 25/26 MP: 3/3
   730 | D:1      | Reached ** piety under Lugonu
   889 | D:1      | Reached XP level 3. HP: 33/33 MP: 4/4
  1133 | D:2      | Found a shimmering altar of Xom.
  1171 | D:2      | Found a bloodstained altar of Trog.
  1404 | D:2      | Reached XP level 4. HP: 27/40 MP: 6/6
  1621 | D:2      | Found a shattered altar of Ashenzari.
  1621 | D:2      | Found an iron altar of Okawaru.
  1622 | D:2      | Found a deep blue altar of Sif Muna.
  1622 | D:2      | Noticed Ijyb
  1632 | D:2      | Killed Ijyb
  1775 | D:2      | Found a shadowy altar of Dithmenos.
  2100 | D:3      | Reached XP level 5. HP: 42/46 MP: 7/7
  2128 | D:3      | Reached *** piety under Lugonu
  2244 | D:3      | HP: 2/47 [orc/dagger (5)]
  2847 | D:3      | Found a sacrificial altar of Ru.
  2923 | D:3      | Slain by a worm

Skill      XL: |  1  2  3  4  5 |
---------------+----------------+-----
Invocations    | 3 4 |  4.5
Fighting       | 4 |  4.6
Dodging        | 3 |  3.1
Maces & Flails | 3 |  3.0

Action                   |  1- 3 |  4- 6 || total
-------------------------+-------+-------++-------
Melee: Mace              |   128 |   141 ||   269
       Tailslap          |     7 |    14 ||    21
  Use: Potion            |       |     3 ||     3
 Stab: Sleeping          |     1 |       ||     1
  Eat: Chunk             |     2 |     5 ||     7
Armor: Skin              |    65 |    58 ||   123
Dodge: Dodged            |    77 |    74 ||   151
Block: Shield            |    35 |    65 ||   100
